Unix NetHack Version 5.0.0-0 post-release - last build Jun 10 2026 00:39:30 (3ee93aec679c4c4259841fe613dc97188e26a321,branch:main).

Game began 2026-06-12 15:50:46, ended 2026-06-13 14:59:54.

Fletchius, lawful female dwarven Archeologist

           ----
  ------  --..|
 --....-- |...|
 |......|--..--
 ---....||.@--
   ---..--..a
     --......-
      |....G.|
      ---.--.|
        ---..|
      ----.*#-
  -----^|..--
 --.--....--
 |...)...>.|
 |-........|
--.........|
|........--
|..--<.---
--------

Fletchius the Field Worker  St:11 Dx:6 Co:13 In:16 Wi:16 Ch:11  Lawful
Dlvl:8  $:9  HP:0(39) Pw:25(25) AC:5  Xp:5 T:2357 

Latest messages:
 What do you want to use or apply? [aeghlTU or ?*] ?
 What do you want to use or apply? [aeghlTU or ?*] <space>
 Never mind.
 Really save? [yn] (n) y
 Saving...
 Restoring save file...
 Hello Fletchius, the dwarven Archeologist, welcome back to NetHack!
 Restoring save file...
 Hello Fletchius, the dwarven Archeologist, welcome back to NetHack!
 What do you want to use or apply? [aeghlTU or ?*] ?
 What do you want to use or apply? [aeghlTU or ?*] <space>
 Never mind.
 You step onto a level teleport trap!
 You feel a wrenching sensation.
 The Woodland-elf shoots 3 runed arrows!
 The Woodland-elf misfires!
 The 1st runed arrow misses you.
 You are hit by the 2nd runed arrow!
 The 3rd runed arrow misses you.
 The Woodland-elf wields a runed dagger!
 You miss the Woodland-elf.
 The Woodland-elf thrusts his runed dagger.
 The Woodland-elf hits!
 The fiery blade burns the Woodland-elf!
 The Woodland-elf thrusts his runed dagger.
 The Woodland-elf hits!
 The fiery blade burns the Woodland-elf!
 The Woodland-elf reads a scroll of teleportation!
 The Woodland-elf vanishes!
 You see here a gray stone.
 What do you want to wield? [- aeW or ?*] e
 e - a +1 pick-axe (weapon in right hand).
 You start digging.
 You hit the rock with all your might.
 You make an opening in the wall.
 What do you want to wield? [- aeW or ?*] ?
 W - a long sword named Fire Brand (weapon in right hand).
 In what direction? h
 You kick a gray stone.
 Thump!
 (For instructions type a '?')
 Call a gray stone: loadstone
 Please move the cursor to a monster, object or location.
 (For instructions type a '?')
 Done.
 You miss the queen bee.
 The queen bee stings!
 The queen bee stings!
 You die...
 Do you want your possessions identified? [ynq] (y) q

Inventory:
 Coins    ('$')
  $ - 9 gold pieces
 Weapons  (')')
  a - a +2 bullwhip (alternate weapon; not wielded)
  W - the rustproof +0 Fire Brand (weapon in right hand)
 Armor    ('[')
  z - a blessed rusty +0 helm of caution (being worn)
  M - an uncursed +0 pair of speed boots (being worn)
  L - an uncursed +2 cloak of magic resistance (being worn)
  K - an uncursed +1 cloak of protection
  b - an uncursed +0 leather jacket (being worn)
 Comestibles  ('%')
  d - 5 uncursed food rations
 Potions  ('!')
  I - an uncursed potion of gain energy
  O - an uncursed potion of healing
 Rings    ('=')
  G - an uncursed ring of poison resistance (on left hand)
 Wands    ('/')
  U - a wand of create monster (0:10)
 Tools    ('(')
  h - an empty uncursed sack
  l - an uncursed blindfold
  e - a +1 pick-axe
  T - an uncursed skeleton key
 Gems/Stones  ('*')
  Q - an uncursed black opal
  g - an uncursed touchstone

Fletchius the Archeologist's attributes:

Background:
 You were a Field Worker, a level 5 female dwarven Archeologist.
 You were lawful, on a mission for Quetzalcoatl
 who was opposed by Camaxtli (neutral) and Huhetotl (chaotic).
 You were right-handed.
 You were in the Gnomish Mines, on level 8.
 You entered the dungeon 2357 turns ago.
 You had 163 experience points, 157 more were needed to attain level 6.

Basics:
 You had 0 out of 39 hit points.
 You had all 25 energy points (spell power).
 Your armor class was 5.
 Your wallet contained 9 zorkmids.
 Autopickup was off.

Final Characteristics:
 Your strength was 11 (limit:18/100).
 Your dexterity was 6 (peak:10, limit:20).
 Your constitution was 13 (limit:20).
 Your intelligence was 16 (limit:16).
 Your wisdom was 16 (limit:16).
 Your charisma was 11 (limit:16).

Final Status:
 You weren't hungry.
 You were unencumbered.
 You were wielding a long sword.
 You were unskilled in long sword.

Final Attributes:
 You were piously aligned.
 You were magic-protected.
 You were fire resistant.
 Your items were protected from fire.
 You were poison resistant.
 You were warned.
 You had automatic searching.
 You had infravision.
 You were stealthy.
 You were warded.
 You were very fast.
 You are dead.

Miscellaneous:
 You didn't encounter any bones levels.
 Total elapsed playing time was 1 hour, 43 minutes and 50 seconds.

Major events:
 Turn
    1: Fletchius the lawful female dwarven Archeologist entered the dungeon
  999: attained the rank of Field Worker (level 3)
 1296: entered the Gnomish Mines
 1817: reached Mine Town
 2264: was bestowed with Fire Brand by Quetzalcoatl
 2357: killed by a queen bee

Spells:
 Name                 Level Category     Fail Retention
 jumping                1   escape        30%  76%-100%

Skills:
 Fighting Skills
   bare handed combat [Unskilled]
   two weapon combat  [Unskilled]
   riding             [Unskilled]
 Weapon Skills
   dagger             [Unskilled]
   knife              [Unskilled]
   pick-axe           [Basic]
   short sword        [Unskilled]
   long sword         [Unskilled]
   saber              [Unskilled]
   club               [Unskilled]
   quarterstaff       [Unskilled]
   sling              [Unskilled]
   dart               [Unskilled]
   boomerang          [Unskilled]
   whip               [Basic]
   unicorn horn       [Unskilled]
 Spellcasting Skills
   attack spells      [Unskilled]
   healing spells     [Unskilled]
   divination spells  [Unskilled]
   matter spells      [Unskilled]

Voluntary challenges:
 Character rerolling was not enabled.
 You never genocided any monsters.
 You never polymorphed an object.
 You never changed form.
 You used no wishes.
Achievements:
 You entered a shop.
 You attained the rank of Field Worker.
 You entered the Gnomish Mines.
 You entered Minetown.
 You entered a temple.

 The Dungeons of Doom: levels 1 to 4
    Level 1:
       A fountain.
    Level 2:
       A general store, a sink.
    Level 3:
       A general store, a fountain, a grave.
    Level 4:
       An armor shop, a fountain, a sink.
       Stairs down to The Gnomish Mines.
 The Gnomish Mines: levels 5 to 8
    Level 5:
    Level 6:
    Level 7:
       Some shops, a temple and an altar to Quetzalcoatl, some fountains, a sink.
    Level 8: <- You were here.
       Final resting place for
          you, killed by a queen bee.


Vanquished creatures:
  a rothe
  5 monkeys
 an orc zombie
 an iguana
  a coyote
  a hobgoblin
  a giant rat
  a red mold
  3 geckos
  4 jackals
  a fox
  2 kobolds
  a goblin
  a sewer rat
  8 grid bugs
  4 lichens
  7 newts
43 creatures vanquished.

No species were genocided or became extinct.

Game over:
                       ----------
                      /          \
                     /    REST    \
                    /      IN      \
                   /     PEACE      \
                  /                  \
                  |    Fletchius     |
                  |       9 Au       |
                  |   killed by a    |
                  |    queen bee     |
                  |                  |
                  |                  |
                  |       2026       |
                 *|     *  *  *      | *
        _________)/\\_//(\/(/\)/\//\/|_)_______

Goodbye Fletchius the Archeologist...

You died in The Gnomish Mines on dungeon level 8 with 1051 points,
and 9 pieces of gold, after 2357 moves.
You were level 5 with a maximum of 39 hit points when you died.

